AoeStats
← LearningNewCivsPlsHelp

MegaRandom

508564400Analyzed
3v3 RM · 8d ago on Sep 23, 2026· 54m 25s· 6 players
Game mode
Random Map
Map size
Normal (6 player)
Population
200
Speed
Normal
Resources
Standard
Victory
Conquest
Starting age
Dark Age
Ending age
Imperial Age
RankedLock teamsTeams togetherTeam positionsShared explorationLock speedFull tech treeHidden civsTurbo modeCheats
Victory
Defeat
🇧🇷 Danes · Brazil
1494
+7
🇧🇷 Saxons · Brazil
1282
+14
🇧🇷 Mongols · Brazil
1102
+20
🇺🇸 Saxons · United States
1265
-15
🇨🇴 Danes · Colombia
1254
-14
1201
-12
philofisaur
0:30 Loom
11:24 Feudal Age
15:27 Castle Age
14:50 Double-Bit Axe
15:18 Horse Collar
17:02 Bow Saw
22:37 Wheelbarrow
25:10 Gold Mining
25:10 Stone Mining
25:23 Heavy Plow
28:25 Hand Cart
27:56 Town Watch
31:07 Imperial Age
29:10 Scale Mail Armor
30:32 Chain Mail Armor
30:27 Forging
31:24 Elite Hearth Troop
32:27 Conscription
32:57 Plate Mail Armor
32:48 Squires
32:37 Gambesons
33:13 Shield Wall
35:00 Iron Casting
36:05 Two-Man Saw
35:18 Fletching
37:43 Bodkin Arrow
38:52 Chemistry
38:24 Bracer
39:33 Ballistics
43:44 Siege Engineers
43:53 Fortified Wall
43:53 Masonry
44:32 Arson
45:50 Elite Varangian Guard
46:40 Treadmill Crane
51:58 Pikeman
53:04 Caravan
52:54 Halberdier
泰拉之花.群山俯首
0:38 Loom
10:24 Feudal Age
11:10 Double-Bit Axe
14:05 Wheelbarrow
17:02 Castle Age
22:49 Fletching
23:43 Crossbowman
25:16 Bodkin Arrow
26:37 Wheelbarrow
27:51 Thumb Ring
27:51 Padded Archer Armor
29:40 Ballistics
29:39 Leather Archer Armor
32:04 Stone Mining
35:08 Imperial Age
32:38 Gold Mining
33:25 Stone Shaft Mining
32:24 Elite Skirmisher
34:50 Hand Cart
37:18 Chemistry
37:00 Conscription
37:44 Bow Saw
38:26 Bracer
38:34 Horse Collar
38:37 Treadmill Crane
40:12 Elite Genoese Crossbowman
41:42 Scale Barding Armor
41:48 Forging
41:17 Light Cavalry
42:07 Bloodlines
42:40 Husbandry
42:34 Hussar
43:53 Iron Casting
43:33 Heavy Plow
46:36 Blast Furnace
45:57 Chain Barding Armor
46:39 Scale Mail Armor
47:16 Plate Barding Armor
52:30 Crop Rotation
Cafernaun
0:35 Loom
11:10 Feudal Age
11:37 Double-Bit Axe
13:06 Horse Collar
19:16 Castle Age
18:15 Gold Mining
20:01 Forging
19:47 Arson
20:15 Bow Saw
20:23 Heavy Plow
21:32 Scale Mail Armor
23:01 Wheelbarrow
23:00 Squires
22:47 Arson
29:40 Chain Mail Armor
30:00 Iron Casting
29:45 Stone Mining
30:32 Gold Shaft Mining
30:16 Hand Cart
34:08 Fervor
36:31 Imperial Age
34:25 Chain Mail Armor
34:50 Ballistics
34:26 Murder Holes
34:41 Masonry
35:40 Fletching
35:56 Gambesons
37:58 Plate Mail Armor
38:28 Blast Furnace
37:24 Bodkin Arrow
38:13 Stone Shaft Mining
37:10 Elite Varangian Guard
39:11 Hoardings
38:22 Hamask
41:13 Conscription
41:00 Padded Archer Armor
40:50 Cranequins
41:36 Thumb Ring
41:33 Bracer
42:45 Coinage
42:19 Town Watch
43:15 Town Patrol
43:42 Caravan
44:13 Banking
46:22 Leather Archer Armor
46:14 Scale Barding Armor
46:44 Elite Skirmisher
48:39 Chemistry
49:15 Northmen's Fury
49:47 Heavy Mounted Crossbowman
53:04 Heavy Mounted Crossbowman
55:03 Ring Archer Armor
frantiescolucas
5:04 Loom
12:13 Feudal Age
16:27 Castle Age
15:31 Double-Bit Axe
15:28 Horse Collar
18:17 Town Watch
24:20 Gold Mining
25:46 Wheelbarrow
26:15 Gold Shaft Mining
25:59 Squires
26:46 Scale Mail Armor
26:56 Forging
27:44 Hand Cart
28:56 Gambesons
30:49 Forging
31:13 Heavy Plow
34:32 Chain Mail Armor
34:52 Iron Casting
34:42 Stone Mining
38:02 Imperial Age
36:46 Bow Saw
38:10 Town Patrol
39:41 Crop Rotation
40:19 Two-Man Saw
40:01 Plate Mail Armor
39:53 Conscription
39:02 Shield Wall
40:13 Arson
41:04 Elite Varangian Guard
44:34 Hoardings
53:43 Caravan
54:08 Guilds
54:16 Capped Ram
Stock_br
0:34 Loom
11:09 Feudal Age
17:05 Castle Age
15:41 Double-Bit Axe
15:37 Horse Collar
23:47 Wheelbarrow
25:26 Fletching
25:38 Padded Archer Armor
26:16 Bodkin Arrow
28:16 Leather Archer Armor
28:09 Scale Barding Armor
30:27 Ballistics
34:22 Imperial Age
32:22 Gold Mining
33:55 Bow Saw
34:30 Town Watch
36:02 Chemistry
35:33 Bloodlines
36:41 Conscription
36:37 Heavy Plow
38:03 Bracer
38:54 Husbandry
39:01 Thumb Ring
39:28 Parthian Tactics
39:50 Chain Barding Armor
39:57 Elite Mangudai
41:49 Forging
41:35 Stone Mining
43:22 Onager
44:52 Capped Ram
46:37 Light Cavalry
46:53 Siege Ram
47:47 Caravan
49:38 Drill
50:02 Hussar
52:07 Iron Casting
LearningNewCivsPlsHelp
0:34 Loom
11:21 Feudal Age
15:10 Castle Age
13:08 Double-Bit Axe
14:30 Horse Collar
16:45 Bow Saw
23:24 Heavy Plow
24:16 Gold Mining
25:31 Scale Barding Armor
29:29 Imperial Age
28:25 Bloodlines
28:15 Husbandry
28:26 Forging
29:27 Wheelbarrow
29:57 Chain Barding Armor
30:43 Conscription
31:34 Plate Barding Armor
31:34 Iron Casting
31:06 Light Cavalry
32:12 Hand Cart
31:43 Town Watch
33:18 Stone Mining
34:43 Blast Furnace
33:15 Onager
36:09 Siege Engineers
36:08 Heavy Scorpion
36:25 Hamask
39:36 Chemistry
39:43 Fletching
40:14 Ballistics
42:21 Masonry
42:08 Bodkin Arrow
42:14 Padded Archer Armor
42:01 Northmen's Fury
45:07 Siege Onager
47:01 Bracer
47:17 Leather Archer Armor
48:01 Pikeman
49:20 Halberdier
50:02 Squires
50:04 Scale Mail Armor
49:53 Arson
51:52 Chain Mail Armor
51:48 Caravan
54:26 Town Patrol
54:03 Elite Varangian Guard
Connection lost

Rejoining the realm…

Still unreachable

The connection could not be restored.

Session expired

The server has moved on; the page needs a fresh start.